 Dungeon Sprint DCSS version 0.19.5 (webtiles) character file.

259 Slime the Unseen (level 5, -3/25 HPs)
             Began as a Spriggan Assassin on Apr 8, 2017.
             Splashed by a jelly's acid (12 damage)
             ... in the Dungeon (Sprint I: "Red Sonja").
             The game lasted 00:00:53 (59 turns).

Slime the Unseen (Spriggan Assassin)                  Turns: 59, Time: 00:00:54

Health: -3/25      AC: -7    Str:  7    XL:     5   Next: 94%
Magic:  6/6        EV: 17    Int: 12    God:
Gold:   162        SH:  0    Dex: 19    Spells: 0 memorised, 4 levels left

rFire  + . .     SeeInvis +     a - +2 dagger
rCold  + . .     Gourm    .     n - +2 robe {rC+ rF+}
rNeg   . . .     Faith    .     (shield restricted)
rPois  .         Spirit   .     (helmet restricted)
rElec  .         Reflect  .     d - +0 cloak
rCorr  .         Harm     .     (gloves unavailable)
MR     .....     NoTele   +     (boots unavailable)
Stlth  +++++++...               (no amulet)
                                (no ring)
                                (no ring)

@: corroded, very quick
A: unfitting armour, see invisible, herbivore 3, speed 3, slow metabolism 2
a: no special abilities


You were in the Dungeon.
You were not hungry.

You visited 1 branch You collected 162 gold pieces.

Inventory:

Hand Weapons
 a - a +2 dagger (weapon)
 b - a +0 blowgun
Missiles
 e - 8 poisoned needles
 f - 2 curare-tipped needles
Armour
 c - a +0 robe
 d - a +0 cloak (worn)
 n - a +2 robe of resistance (worn)
Scrolls
 m - a scroll of blinking
Potions
 h - a potion of curing
 i - a potion of heal wounds
 j - a potion of haste
 k - 2 potions of magic
 l - a potion of berserk rage
Comestibles
 g - a bread ration


   Skills:
 - Level 1.5 Fighting
 - Level 2.1 Short Blades
 - Level 2.0 Throwing
 - Level 1.5 Dodging
 + Level 18.1 Stealth


You had 4 spell levels left.
You didn't know any spells.

Dungeon Overview and Level Annotations

Branches:
Dungeon (1/1)

Altars:
Sif Muna
Vehumet


Innate Abilities, Weirdness & Mutations

You are very small and have problems with some larger weapons.
You are too small for most types of armour.
You have supernaturally acute eyesight. (SInv)
You are a herbivore.
You cover ground extremely quickly.
You need consume almost no food.


Message History

The jelly is moderately wounded.
The jelly hits you but does no damage.
You hit the jelly but do no damage.
Your hands burn!
The jelly is moderately wounded.
The jelly closely misses you.
You hit the jelly.
Your hands burn!
The jelly is heavily wounded.
The jelly completely misses you.
You hit the jelly. The acid corrodes you!
Your hands burn!
The jelly is severely wounded.
The jelly barely misses you.
You hit the jelly but do no damage.
Your hands burn!
The jelly is severely wounded.
The jelly jiggles.
The jelly closely misses you.
You hit the jelly but do no damage. The acid corrodes you!
Your hands burn!
The jelly is severely wounded.
The jelly hits you. The acid corrodes you!
You are splashed with acid!
The acid burns!
You die...

################
#<.#.)'..#.)'..#
#..'..#.)'..#..+
#..#####'#####'#
#..# #..# #!#
#..# #### ##)#
#..# #+#..+ #⌠⌠#
+.@._# ####
#_J#+# ##+#


You could see a jelly.

Vanquished Creatures
  Sigmund (D)
  An ogre (D)
  Ijyb (D)
3 creatures vanquished.

Notes
Turn   | Place    | Note
-------+----------+-------------------------------------------
     0 | D        | Slime the Spriggan Assassin began the quest for the Orb.
     0 | D        | Reached XP level 1. HP: 10/10 MP: 2/2
     2 | D        | Noticed Ijyb
     5 | D        | Killed Ijyb
     5 | D        | Reached skill level 10 in Stealth
     5 | D        | Reached XP level 2. HP: 14/14 MP: 3/3
     7 | D        | Noticed an ogre
    10 | D        | Killed an ogre
    10 | D        | Reached skill level 14 in Stealth
    10 | D        | Reached XP level 3. HP: 18/18 MP: 4/4
    10 | D        | Reached XP level 4. HP: 22/22 MP: 5/5
    21 | D        | Noticed Sigmund
    24 | D        | Killed Sigmund
    24 | D        | Reached skill level 18 in Stealth
    24 | D        | Reached XP level 5. HP: 25/25 MP: 6/6
    48 | D        | Found a deep blue altar of Sif Muna.
    50 | D        | Found a radiant altar of Vehumet.
    59 | D        | Splashed by a jelly's acid

Skill      XL: |  1  2  3  4 |
---------------+-------------+-----
Stealth        | 10 14 18 | 18.1
Fighting       | |  1.5
Short Blades   | |  2.1
Throwing       | |  2.0
Dodging        | |  1.5

Action                   |  1- 3 |  4- 6 || total
-------------------------+-------+-------++-------
Melee: Dagger            |     2 |     7 ||     9
 Stab: Sleeping          |     2 |     1 ||     3
Armor: Robe              |       |     1 ||     1
Dodge: Dodged            |       |     4 ||     4
